 Dungeon Crawl Stone Soup version 0.14-a0-1686-g0e827d1 (webtiles) character file.

148 CrazyArbalest the Cudgeler (level 4, -1/49 HPs)
             Began as an Ogre Berserker on Dec 30, 2013.
             Was a Believer of Trog.
             Slain by an adder (2 damage)
             ... on Level 2 of the Dungeon.
             The game lasted 00:07:26 (2351 turns).

CrazyArbalest the Cudgeler (Ogre Berserker)         Turns: 2351, Time: 00:07:26

HP  -1/49        AC  3     Str 27      XL: 4   Next: 45%
MP   4/4         EV 10     Int  7      God: Trog [**....]
Gold 64          SH  0     Dex  7      Spells:  0 memorised,  3 levels left

rFire  . . .     SeeInvis .     u - -3,-2 mace (curse)
rCold  . . .     Clarity  .     b - +0 animal skin
rNeg   . . .     Conserve +     (shield restricted)
rPois  +         rCorr    .     (helmet restricted)
rElec  .         rRot     .     (no cloak)
SustAb . .       Spirit   .     (gloves unavailable)
rMut   .         Warding  .     (boots unavailable)
Saprov + . .     RndTele  +     r - amulet of conservation {unknown}
                                v - cursed ring of teleportation
                                n - ring of poison resistance

@: confused, mighty, drained, slightly resistant to hostile enchantments,
extremely unstealthy
A: unfitting armour, blink 1, clumsy 1, fast metabolism 1, saprovore 1,
screaming 1, tough skin 1
a: Blink, Burn Spellbooks, Berserk, Trog's Hand, Renounce Religion, Evoke
Teleportation


You were on level 2 of the Dungeon.
You worshipped Trog.
Trog was pleased with you.
You were hungry.

You visited 1 branch of the dungeon, and saw 3 of its levels.

You collected 64 gold pieces.

Inventory:

Hand weapons
 a - a +0,+0 mace
 u - a cursed -3,-2 mace (weapon)
Armour
 b - a +0 animal skin (worn)
Magical devices
 t - a wand of polymorph (12)
Comestibles
 c - 3 meat rations
 f - 16 grapes
 j - a choko
 l - 2 apples
 o - a bread ration
 p - a pear
Scrolls
 e - a scroll of immolation
 h - 4 scrolls of teleportation
Jewellery
 n - a ring of poison resistance (left hand)
 r - an amulet of conservation (around neck) {unknown}
 v - a cursed ring of teleportation (right hand)
Potions
 k - a potion of heal wounds {unknown}
 m - a potion of degeneration {unknown}
 q - a potion of beneficial mutation {unknown}
 s - a potion of curing {unknown}


   Skills:
 + Level 4.5(3.6) Fighting
 + Level 4.6(3.7) Maces & Flails
 * Level 2.0(1.2) Throwing
 + Level 3.7(2.9) Dodging
 + Level 0.1(0.0) Stealth
 + Level 0.1(0.0) Evocations


You had 3 spell levels left.
You didn't know any spells.

Dungeon Overview and Level Annotations

Branches:
Dungeon (3/16)

Altars:


Innate Abilities, Weirdness & Mutations

You are too large for most types of armour.
You have a fast metabolism.
You can tolerate rotten meat.
You have tough skin (AC +1).
You can translocate small distances at will.
You are clumsy. (Dex -2)
You occasionally shout uncontrollably.


Message History

The adder is severely wounded.
The adder bites you.
* * * LOW HITPOINT WARNING * * *
You are poisoned.
The adder poisons you! The adder bites you but does no damage.
Drink which item? (? for menu, Esc to quit)
You feel extremely strange.
You feel jittery.
You feel clumsy.
You feel the urge to shout.
It was a potion of mutation.
* * * LOW HITPOINT WARNING * * *
You feel sick.
You feel better. The adder closely misses you.
Drink which item? (? for menu, Esc to quit)
You are confused.
It was a potion of confusion.
The adder barely misses you.
Drink which item? (? for menu, Esc to quit)
You feel very mighty all of a sudden.
It was a potion of might.
The adder bites you.
You die...

####### #...... #.##### #.# #.#
#.# ###########################.#
............................#####
.##.............@S........(......
.##.#############.###############
.##.# #.# # .##.# ###### #.# #
.##.# #....# #.# # .##.#
#....####'########## ## .##.#
#.....).....#....[.#####.
.##.#####...........#.#........(.
.##.(...'...........#.#..........


You could see an adder.

Vanquished Creatures
  An orc wizard (D:3)
  An adder (D:3)
  9 orcs (D:3)
  7 bats
  2 goblins
  5 hobgoblins
  2 kobolds
  2 quokkas (D:2)
  A giant cockroach (D:2)
  2 giant newts
  A hobgoblin zombie (D:3)
  6 rats
39 creatures vanquished.

Notes
Turn   | Place    | Note
--------------------------------------------------------------
     0 | D:1      | CrazyArbalest, the Ogre Berserker, began the quest for the Orb.
     0 | D:1      | Reached XP level 1. HP: 24/24 MP: 1/1
   212 | D:1      | Reached XP level 2. HP: 28/32 MP: 2/2
  1424 | D:2      | Acquired Trog's second power
  1424 | D:2      | Reached XP level 3. HP: 31/40 MP: 3/3
  1781 | D:3      | Reached skill level 1 in Throwing
  2268 | D:3      | Reached XP level 4. HP: 26/49 MP: 4/4
  2348 | D:2      | HP: 2/49 [adder (3)]
  2349 | D:2      | Gained mutation: You can translocate small distances at will. [potion of mutation]
  2349 | D:2      | Gained mutation: You are clumsy. (Dex -2) [potion of mutation]
  2349 | D:2      | Gained mutation: You occasionally shout uncontrollably. [potion of mutation]
  2351 | D:2      | Slain by an adder

Action                   |  1- 3 |  4- 6 || total
-------------------------+-------+-------++-------
Melee: Mace              |   143 |    33 ||   176
Invok: Berserk           |     1 |       ||     1
Evoke: Wand              |     3 |       ||     3
  Use: Scroll            |     5 |       ||     5
       Potion            |       |     3 ||     3
